| TOP OF THE 1ST |
|
Tri-City Dust Devils batting - Pitching for Bend Bandits : LHP Bob Raftice
|
|
Pitching: LHP Bob Raftice
|
|
|
Batting: SHB Michael Madril
|
0-0: Ball 1-0: Swinging Strike 1-1: Called Strike 1-2: Ground out 4-3 (Groundball, 34, EV 106.3 MPH)
|
|
Batting: RHB Robert Gauci
|
0-0: Called Strike 0-1: Ball 1-1: Ground out 3-1 (Groundball, 34, EV 86.9 MPH)
|
|
Batting: RHB Eric Monson
|
0-0: Called Strike 0-1: Ball 1-1: Ball 2-1: Called Strike 2-2: Ball 3-2: Base on Balls
|
|
Batting: LHB Billy Jo Robidoux
|
0-0: Called Strike 0-1: Ball 1-1: SINGLE (Line Drive, 7S, EV 93.8 MPH) Eric Monson to second
|
|
Batting: RHB Steve Aragon
|
0-0: Fly out, F9 (Flyball, 89S, EV 95.0 MPH)
|
| Top of the 1st over - 0 runs, 1 hit, 0 errors, 2 left on base; Tri-City 0 - Bend 0 |
| BOTTOM OF THE 1ST |
|
Bend Bandits batting - Pitching for Tri-City Dust Devils : RHP Larry Lamonde
|
|
Pitching: RHP Larry Lamonde
|
|
|
Batting: RHB Michael Lenti
|
0-0: Foul Ball, location: 2F 0-1: Ball 1-1: Ground out 6-3 (Groundball, 6, EV 108.1 MPH)
|
|
Batting: RHB Angelo Ross
|
0-0: Ball 1-0: Called Strike 1-1: Fly out, F4 (Line Drive, 4, EV 68.8 MPH)
|
|
Batting: LHB Scott Bradley
|
0-0: Fly out, F3 (Line Drive, 3, EV 61.9 MPH)
|
| Bottom of the 1st over - 0 runs, 0 hits, 0 errors, 0 left on base; Tri-City 0 - Bend 0 |
| TOP OF THE 2ND |
|
Tri-City Dust Devils batting - Pitching for Bend Bandits : LHP Bob Raftice
|
|
Batting: RHB Rickey Coleman
|
0-0: Foul Ball, location: 2F 0-1: Fly out, F4 (Popup, 23, EV 87.5 MPH)
|
|
Batting: RHB Jay Lewis
|
0-0: Ball 1-0: Ball 2-0: Called Strike 2-1: Ball 3-1: Base on Balls
|
|
Batting: RHB James Davis
|
0-0: Ball 1-0: Called Strike 1-1: Foul Ball, location: 2F 1-2: Fly out, F8 (Flyball, 8LS, EV 89.4 MPH)
|
|
Batting: RHB John Duncan
|
0-0: Ball 1-0: Called Strike Jay Lewis steals 2nd base 1-1: Swinging Strike 1-2: Ground out 1-3 (Groundball, 34S, EV 65.6 MPH)
|
| Top of the 2nd over - 0 runs, 0 hits, 0 errors, 1 left on base; Tri-City 0 - Bend 0 |
| BOTTOM OF THE 2ND |
|
Bend Bandits batting - Pitching for Tri-City Dust Devils : RHP Larry Lamonde
|
|
Batting: RHB Jeff Doerr
|
0-0: Called Strike 0-1: Ground out 6-3 (Groundball, 6, EV 85.6 MPH)
|
|
Batting: RHB Gregory Key
|
0-0: Called Strike 0-1: Ground out U3 (Groundball, 3, EV 106.3 MPH)
|
|
Batting: RHB Rolando Roomes
|
0-0: Ball 1-0: Ball 2-0: Swinging Strike 2-1: Called Strike 2-2: Ball 3-2: Strikes out looking
|
| Bottom of the 2nd over - 0 runs, 0 hits, 0 errors, 0 left on base; Tri-City 0 - Bend 0 |
| TOP OF THE 3RD |
|
Tri-City Dust Devils batting - Pitching for Bend Bandits : LHP Bob Raftice
|
|
Batting: SHB Michael Madril
|
0-0: Called Strike 0-1: Ball 1-1: Foul Ball, location: 2F 1-2: Strikes out swinging
|
|
Batting: RHB Robert Gauci
|
0-0: Ball 1-0: Called Strike 1-1: Foul Ball, location: 2F 1-2: Ground out 4-3 (Groundball, 4D, EV 101.9 MPH)
|
|
Batting: RHB Eric Monson
|
0-0: Called Strike 0-1: Ball 1-1: Called Strike 1-2: Ball 2-2: Strikes out swinging
|
| Top of the 3rd over - 0 runs, 0 hits, 0 errors, 0 left on base; Tri-City 0 - Bend 0 |
| BOTTOM OF THE 3RD |
|
Bend Bandits batting - Pitching for Tri-City Dust Devils : RHP Larry Lamonde
|
|
Batting: RHB Mark Frishman
|
0-0: Called Strike 0-1: Ground out 4-3 (Groundball, 34, EV 88.8 MPH)
|
|
Batting: RHB Jeffrey Ulrich
|
0-0: Called Strike 0-1: Foul Ball, location: 2F 0-2: Foul Ball, location: 2F 0-2: Ball 1-2: Reached on error, E8 (Flyball, 8RXD, EV 81.3 MPH)
|
|
Batting: RHB Doug Gilcrease
|
0-0: Ball 1-0: Ball 2-0: Ball 3-0: Base on Balls Jeffrey Ulrich to second
|
|
Batting: RHB Michael Lenti
|
0-0: Ball 1-0: Called Strike 1-1: Foul Ball, location: 2F 1-2: Fly out, F2 (Popup, 3SF, EV 82.5 MPH)
|
|
Batting: RHB Angelo Ross
|
0-0: Ball 1-0: Called Strike 1-1: DOUBLE (Line Drive, 9LS, EV 94.4 MPH) Jeffrey Ulrich scores Doug Gilcrease to third Runner from 3rd tries for Home, SAFE, throw by RF to home
|
|
Batting: LHB Scott Bradley
|
0-0: Fly out, F8 (Flyball, 8RM, EV 88.1 MPH)
|
| Bottom of the 3rd over - 2 runs, 1 hit, 1 error, 1 left on base; Tri-City 0 - Bend 2 |
| TOP OF THE 4TH |
|
Tri-City Dust Devils batting - Pitching for Bend Bandits : LHP Bob Raftice
|
|
Batting: LHB Billy Jo Robidoux
|
0-0: Called Strike 0-1: Ball 1-1: Ball 2-1: Foul Ball, location: 2F 2-2: Ball 3-2: Fly out, F2 (Popup, 23F, EV 81.9 MPH)
|
|
Batting: RHB Steve Aragon
|
0-0: Called Strike 0-1: Called Strike 0-2: Foul Ball, location: 2F 0-2: Strikes out swinging
|
|
Batting: RHB Rickey Coleman
|
0-0: Bunt missed! 0-1: Called Strike 0-2: Strikes out looking
|
| Top of the 4th over - 0 runs, 0 hits, 0 errors, 0 left on base; Tri-City 0 - Bend 2 |
| BOTTOM OF THE 4TH |
|
Bend Bandits batting - Pitching for Tri-City Dust Devils : RHP Larry Lamonde
|
|
Batting: RHB Jeff Doerr
|
0-0: Called Strike 0-1: Ball 1-1: Ground out 6-3 (Groundball, 56, EV 105.0 MPH)
|
|
Batting: RHB Gregory Key
|
0-0: Ball 1-0: Ball 2-0: Ball 3-0: Base on Balls
|
|
Batting: RHB Rolando Roomes
|
0-0: Ball 1-0: Called Strike 1-1: Ball 2-1: Foul Ball, location: 2F 2-2: Ball 3-2: Strikes out looking
|
|
Batting: RHB Mark Frishman
|
0-0: Called Strike Gregory Key steals 2nd base 0-1: Ball 1-1: Ball 2-1: Ball 3-1: Ground out 3-1 (Groundball, 34, EV 111.3 MPH)
|
| Bottom of the 4th over - 0 runs, 0 hits, 0 errors, 1 left on base; Tri-City 0 - Bend 2 |
| TOP OF THE 5TH |
|
Tri-City Dust Devils batting - Pitching for Bend Bandits : LHP Bob Raftice
|
|
Batting: RHB Jay Lewis
|
0-0: Swinging Strike 0-1: Ball 1-1: Ball 2-1: Called Strike 2-2: Foul Ball, location: 2F 2-2: Foul Ball, location: 2F 2-2: Strikes out looking
|
|
Batting: RHB James Davis
|
0-0: Swinging Strike 0-1: Called Strike 0-2: Ball 1-2: Ball 2-2: Strikes out looking
|
|
Batting: RHB John Duncan
|
0-0: Called Strike 0-1: Ball 1-1: SINGLE (Line Drive, 89M, EV 106.3 MPH)
|
|
Batting: SHB Michael Madril
|
0-0: Ball 1-0: Ball 2-0: Ball 3-0: Base on Balls John Duncan to second
|
|
Batting: RHB Robert Gauci
|
0-0: Called Strike 0-1: Foul Ball, location: 2F 0-2: Fly out, F6 (Popup, P, EV 75.0 MPH)
|
| Top of the 5th over - 0 runs, 1 hit, 0 errors, 2 left on base; Tri-City 0 - Bend 2 |
| BOTTOM OF THE 5TH |
|
Bend Bandits batting - Pitching for Tri-City Dust Devils : RHP Larry Lamonde
|
|
Batting: RHB Jeffrey Ulrich
|
0-0: Called Strike 0-1: Fly out, F7 (Flyball, 7D, EV 91.3 MPH)
|
|
Batting: RHB Doug Gilcrease
|
0-0: Called Strike 0-1: Foul Ball, location: 2F 0-2: Ball 1-2: Ball 2-2: Ball 3-2: Base on Balls
|
|
Batting: RHB Michael Lenti
|
0-0: Ball 1-0: Ball 2-0: Ball 3-0: Called Strike 3-1: Called Strike 3-2: Base on Balls Doug Gilcrease to second
|
|
Batting: RHB Angelo Ross
|
0-0: Ball 1-0: Fielders Choice at 2nd, 3-6 (Groundball, 34D, EV 92.5 MPH) Doug Gilcrease to third
|
|
Batting: LHB Scott Bradley
|
0-0: Foul Ball, location: 2F 0-1: Ball 1-1: Foul Ball, location: 2F 1-2: Ball 2-2: Ball 3-2: Foul Ball, location: 2F 3-2: Ground out 6-3 (Groundball, 6, EV 84.4 MPH)
|
| Bottom of the 5th over - 0 runs, 0 hits, 0 errors, 2 left on base; Tri-City 0 - Bend 2 |
| TOP OF THE 6TH |
|
Tri-City Dust Devils batting - Pitching for Bend Bandits : LHP Bob Raftice
|
|
Batting: RHB Eric Monson
|
0-0: Called Strike 0-1: Ball 1-1: Foul Ball, location: 2F 1-2: Foul Ball, location: 2F 1-2: Foul Ball, location: 2F 1-2: Foul Ball, location: 2F 1-2: Foul Ball, location: 2F 1-2: Ball 2-2: Foul Ball, location: 2F 2-2: Foul Ball, location: 2F 2-2: Ground out 5-3 (Groundball, 56S, EV 77.5 MPH)
|
|
Batting: LHB Billy Jo Robidoux
|
0-0: Ball 1-0: Foul Ball, location: 2F 1-1: Ball 2-1: Swinging Strike 2-2: Strikes out swinging, 2-3 out at first.
|
|
Batting: RHB Steve Aragon
|
0-0: Ball 1-0: Foul Ball, location: 2F 1-1: Ball 2-1: Ball 3-1: Fly out, F5 (Line Drive, 5, EV 65.6 MPH)
|
| Top of the 6th over - 0 runs, 0 hits, 0 errors, 0 left on base; Tri-City 0 - Bend 2 |
| BOTTOM OF THE 6TH |
|
Bend Bandits batting - Pitching for Tri-City Dust Devils : RHP Larry Lamonde
|
|
Batting: RHB Jeff Doerr
|
0-0: Ball 1-0: Ball 2-0: Foul Ball, location: 2F 2-1: Ball 3-1: Ground out 4-3 (Groundball, 4M, EV 80.6 MPH)
|
|
Batting: RHB Gregory Key
|
0-0: Ball 1-0: Fly out, F9 (Flyball, 9LS, EV 85.6 MPH)
|
|
Batting: RHB Rolando Roomes
|
0-0: Called Strike 0-1: SINGLE (Line Drive, 7S, EV 98.8 MPH)
|
|
Batting: RHB Mark Frishman
|
0-0: Called Strike 0-1: Ball 1-1: Ball 2-1: Fly out, F8 (Line Drive, 8RM, EV 90.6 MPH)
|
| Bottom of the 6th over - 0 runs, 1 hit, 0 errors, 1 left on base; Tri-City 0 - Bend 2 |
| TOP OF THE 7TH |
|
Tri-City Dust Devils batting - Pitching for Bend Bandits : LHP Bob Raftice
|
|
Batting: RHB Rickey Coleman
|
0-0: Fly out, F9 (Line Drive, 9, EV 85.6 MPH)
|
|
Batting: RHB Jay Lewis
|
0-0: Swinging Strike 0-1: Called Strike 0-2: Strikes out swinging
|
|
Batting: RHB James Davis
|
0-0: Ball 1-0: Ball 2-0: Foul Ball, location: 2F 2-1: Fly out, F9 (Flyball, 9LS, EV 70.0 MPH)
|
| Top of the 7th over - 0 runs, 0 hits, 0 errors, 0 left on base; Tri-City 0 - Bend 2 |
| BOTTOM OF THE 7TH |
|
Bend Bandits batting - Pitching for Tri-City Dust Devils : RHP Larry Lamonde
|
|
Batting: RHB Jeffrey Ulrich
|
0-0: Called Strike 0-1: Ball 1-1: SINGLE (Line Drive, 6D, EV 94.4 MPH)
|
|
Batting: RHB Doug Gilcrease
|
0-0: Called Strike 0-1: Swinging Strike 0-2: Foul Ball, location: 2F 0-2: Ball 1-2: Ball 2-2: Ball 3-2: Strikes out swinging
|
|
Batting: RHB Michael Lenti
|
0-0: Ball Wild Pitch! Jeffrey Ulrich to second 1-0: Called Strike 1-1: Called Strike 1-2: Ball 2-2: Ball 3-2: Ground out 4-3 (Groundball, 4, EV 81.3 MPH) Jeffrey Ulrich to third
|
|
Batting: RHB Angelo Ross
|
0-0: Ball 1-0: Called Strike 1-1: Swinging Strike 1-2: Ground out 6-3 (Groundball, 6, EV 88.1 MPH)
|
| Bottom of the 7th over - 0 runs, 1 hit, 0 errors, 1 left on base; Tri-City 0 - Bend 2 |
| TOP OF THE 8TH |
|
Tri-City Dust Devils batting - Pitching for Bend Bandits : LHP Bob Raftice
|
|
Batting: RHB John Duncan
|
0-0: Called Strike 0-1: Ball 1-1: Foul Ball, location: 2F 1-2: Strikes out swinging
|
|
Batting: SHB Michael Madril
|
0-0: Foul Ball, location: 2F 0-1: Swinging Strike 0-2: Strikes out swinging
|
|
Batting: RHB Robert Gauci
|
0-0: Swinging Strike 0-1: Foul Ball, location: 2F 0-2: Ball 1-2: Ball 2-2: Foul Ball, location: 2F 2-2: Strikes out swinging
|
| Top of the 8th over - 0 runs, 0 hits, 0 errors, 0 left on base; Tri-City 0 - Bend 2 |
| BOTTOM OF THE 8TH |
|
Bend Bandits batting - Pitching for Tri-City Dust Devils : RHP Larry Lamonde
|
|
Batting: LHB Scott Bradley
|
0-0: Called Strike 0-1: Fly out, F8 (Flyball, 8LXD, EV 86.3 MPH)
|
|
Batting: RHB Jeff Doerr
|
0-0: Ground out 2-3 (Groundball, 13S, EV 73.1 MPH)
|
|
Batting: RHB Gregory Key
|
0-0: Ground out 6-3 (Groundball, 6, EV 102.5 MPH)
|
| Bottom of the 8th over - 0 runs, 0 hits, 0 errors, 0 left on base; Tri-City 0 - Bend 2 |
| TOP OF THE 9TH |
|
Tri-City Dust Devils batting - Pitching for Bend Bandits : LHP Bob Raftice
|
|
Pitching: LHP Mike Kinnunen
|
|
|
Batting: RHB Eric Monson
|
0-0: Ground out 5-3 (Groundball, 56, EV 83.1 MPH)
|
|
Batting: LHB Billy Jo Robidoux
|
0-0: Called Strike 0-1: Ball 1-1: Ball 2-1: Foul Ball, location: 2F 2-2: Ball 3-2: Foul Ball, location: 2F 3-2: Foul Ball, location: 2F 3-2: Strikes out looking
|
|
Batting: RHB Steve Aragon
|
0-0: Ball 1-0: Called Strike 1-1: Fly out, F5 (Line Drive, 5, EV 71.9 MPH)
|
| Top of the 9th over - 0 runs, 0 hits, 0 errors, 0 left on base; Tri-City 0 - Bend 2 |
|